 Dungeon Crawl Stone Soup version 0.30.1-11-g7821555f0a (webtiles) character file.

Game seed: 3065844228864051111

190 MrIGI the Ruffian (level 5, -1/53 HPs)
             Began as a Troll Fighter on Dec 20, 2023.
             Was an Initiate of Okawaru.
             Killed by nerve-wracking pain
             ... invoked by Jessica
              (11 damage)
             ... on level 3 of the Dungeon.
             The game lasted 00:05:26 (1590 turns).

MrIGI the Ruffian (Troll Fighter)                   Turns: 1590, Time: 00:05:26

Health: -1/53      AC:  4    Str: 26    XL:     5   Next: 41%
Magic:  4/4        EV:  9    Int:  4    God:    Okawaru [......]
Gold:   166        SH:  8    Dex:  9    Spells: 4/4 levels left

rFire   . .          .
                       - Unarmed
rCold   . . .        b - +0 kite shield
rNeg    . . .        a - +0 robe
rPois   .            (helmet restricted)
rElec   .            (no cloak)
rCorr   .            (gloves unavailable)
SInv    .            (boots unavailable)
Will    .....        (no amulet)
Stlth   +            s - ring of flight
HPRegen 1.08/turn    (no ring)
MPRegen 0.09/turn

%: no passive effects
@: flying
A: large, unfitting armour, claws 3, regeneration 1, shaggy fur 1, tough skin 1
a: Renounce Religion


You were on level 3 of the Dungeon.
You worshipped Okawaru.
Okawaru was noncommittal.
You visited 1 branch of the dungeon, and saw 4 of its levels.

You collected 166 gold pieces.

Inventory:

Hand Weapons
 k - the +3 dagger "Spiderslayer" {flame, rElec Str+4}
   (You found it on level 2 of the Dungeon)

   Str:       It affects your strength (+4).
   rElec:     It insulates you from electricity.
Armour
 a - a +0 robe (worn)
 b - a +0 kite shield (worn)
Magical Staves
 t - a staff of conjuration
Jewellery
 s - a ring of flight (left claw)
Wands
 v - a wand of roots (6)
Scrolls
 d - 5 scrolls of identify {unknown}
 g - a scroll of magic mapping {unknown}
 h - a scroll of silence {unknown}
 i - 2 scrolls of enchant armour {unknown}
 m - a scroll of enchant weapon {unknown}
 r - a scroll of brand weapon {unknown}
 u - a scroll of noise {unknown}
Potions
 c - a potion of might
 e - a potion of curing {unknown}
 f - 2 potions of haste {unknown}
 j - 2 potions of flight {unknown}
 l - 2 potions of magic {unknown}
 n - 2 potions of degeneration {unknown}
 o - a potion of resistance {unknown}
 p - a potion of berserk rage {unknown}
 q - a potion of lignification {unknown}


   Skills:
 + Level 3.1 Fighting
 + Level 3.1 Dodging
 + Level 3.4 Shields
 * Level 3.9 Unarmed Combat


You had 4 spell levels left.
You didn't know any spells.
Your spell library contained the following spells:

 Spells                   Type           Power      Damage    Failure   Level
 Inner Flame              Hex/Fire       0%         N/A       98%         3
 Flame Wave               Conj/Fire      0%         2d4       100%        4
 Sticky Flame             Conj/Fire      0%         2d3       100%        4
 Summon Forest            Summ/Tloc      Unusable   N/A       N/A         5
 Summon Mana Viper        Hex/Summ       Unusable   N/A       N/A         5
 Summon Cactus Giant      Summ           Unusable   N/A       N/A         6

Dungeon Overview and Level Annotations

Branches:
Dungeon (4/15)
 Temple: D:4-7

Altars:
Okawaru
Yredelemnul

Annotations:
D:3 Jessica
D:4 Edmund


Innate Abilities, Weirdness & Mutations

You are too large for most types of armour.
You have claws for hands.
Your natural rate of healing is unusually fast.
You are covered in fur. (AC +1)
You have tough skin. (AC +1)


Message History

a +0 club; a +0 club; a goblin corpse Robin attacks as you move away!
Robin misses you.
You scratch Robin but do no damage.
Robin is lightly wounded.
Robin barely misses you.
You scratch Robin.
Robin is lightly wounded.
Robin barely misses you.
Jessica gestures wildly while chanting.
Jessica blinks!
You claw Robin!
You kill Robin!
Okawaru accepts your kill. The hobgoblin hits you.
* * * LOW HITPOINT WARNING * * *
The hobgoblin no longer looks unusually strong.
The goblin no longer looks unusually strong.
The hobgoblin no longer looks unusually strong.
The goblin attacks as you move away! The goblin hits you with a +0 club.
* * * LOW HITPOINT WARNING * * *
The goblin attacks as you move away! You block the goblin's attack.
You claw Jessica!
Jessica is almost dead.
The hobgoblin hits you.
* * * LOW HITPOINT WARNING * * *
You block Jessica's attack.
You barely miss Jessica.
Jessica is almost dead.
Jessica mumbles some strange words.
Jessica blinks!
You block the goblin's attack. The hobgoblin hits you.
* * * LOW HITPOINT WARNING * * *
The hobgoblin hits you but does no damage.
The hobgoblin closely misses you.
The hobgoblin hits you but does no damage.
The goblin hits you with a +0 club.
* * * LOW HITPOINT WARNING * * *
The hobgoblin attacks as you move away! The hobgoblin closely misses you.
Jessica casts a spell at you. Pain shoots through your body!
You die...

#.......#.. ####....†#
........#
.........#####
#.......#
.............. #@.....#
#.#......#.### #g..[.#
# ##..#..#.# #§)#
#####.# # #
#)###############..#..#
.
#.)#....§g...#.#......#
#.......g.@..@........#
#
###....[g.......#######
# ###############


You could see Jessica (fast), 2 hobgoblins and a goblin.

Vanquished Creatures
  An iguana (D:3)
  2 hound zombies (D:4)
  Robin (D:3)
  5 adders
  2 adder zombies (D:4)
  A worm (D:2)
  A dart slug (D:1)
  5 bats
  5 endoplasms
  3 giant cockroaches
  15 goblins
  6 hobgoblins
  4 kobolds
  5 quokkas
  5 ball pythons
  2 frilled lizards
  4 rats
67 creatures vanquished.

Notes
Turn   | Place    | Note
-------+----------+-------------------------------------------
     0 | D:1      | MrIGI the Troll Fighter began the quest for the Orb.
     0 | D:1      | Reached XP level 1. HP: 22/22 MP: 0/0
   126 | D:1      | Reached XP level 2. HP: 29/29 MP: 1/1
   548 | D:1      | Reached XP level 3. HP: 36/36 MP: 2/2
   608 | D:2      | Identified the +3 dagger "Spiderslayer" {flame, rElec
                  | Str+4}
  1084 | D:2      | You fall into a shaft and drop 2 floors!
  1084 | D:4      | Found an iron altar of Okawaru.
  1318 | D:4      | Became a worshipper of Warmaster Okawaru
  1333 | D:4      | Found a basalt altar of Yredelemnul.
  1337 | D:4      | Reached XP level 4. HP: 44/44 MP: 3/3
  1365 | D:4      | Noticed Edmund
  1504 | D:3      | Reached XP level 5. HP: 39/53 MP: 4/4
  1548 | D:3      | Noticed Robin
  1552 | D:3      | Noticed Jessica
  1581 | D:3      | Killed Robin
  1590 | D:3      | Killed from afar by Jessica

Illustrated notes

Levels and vault maps discovered:
D:1:      erik_arrival_orb_chamber, layout_basic
D:2:      minmay_inner_zag, layout_loops_ring, minivault_27,
          kennysheep_generic_room_16
D:3:      layout_loops_ring, zin_angel, nicolae_half_adder, uniq_robin,
          uniq_jessica
D:4:      cheibrodos_greedy_goblins, layout_gridville,
          nicolae_yredelemnul_corpse_copse, okawaru_metal_pillars_1_2,
          nicolae_overflow_hallway_of_the_gods,
          nicolae_kikubaaqudgha_miasma_corner, uniq_edmund

Skill      XL: |  1  2  3  4 |
---------------+-------------+-----
Shields        | 3 |  3.4
Unarmed Combat | 3 |  3.9
Fighting       | 3 |  3.1
Dodging        | 3 |  3.1

Action                     |  1- 3 |  4- 6 || total
---------------------------+-------+-------++-------
  Melee: Unarmed           |   118 |    66 ||   184
 Armour: Robe              |    39 |    21 ||    60
  Dodge: Dodged            |    37 |    31 ||    68
  Block: Kite shield       |    39 |    39 ||    78
